 Dungeon Crawl Stone Soup version 0.13.0-21-ge43020b (webtiles) character file.

5786 M4edhros the Covert (level 10, 0/63 HPs)
             Began as an Octopode Artificer on Oct 26, 2013.
             Was a Priest of Makhleb.
             Slain by a neqoxec (8 damage)
             ... summoned by the player character
             ... on Level 10 of the Dungeon.
             The game lasted 00:30:40 (9705 turns).

M4edhros the Covert (Octopode Artificer)            Turns: 9705, Time: 00:30:40

HP   0/63        AC  1     Str 13      XL: 10   Next: 63%
MP  20/20        EV 16     Int 15 (18) God: Makhleb [***...]
Gold 492         SH  0     Dex 12      Spells:  2 memorised,  6 levels left

Res.Fire  : x . .   See Invis. : +   q - +1,+2 orc dagger (venom)
Res.Cold  : + . .   Warding    : .   (no shield)
Life Prot.: . . .   Conserve   : .   C - +0 wizard hat
Res.Poison: .       Res.Corr.  : +   H - cursed amulet of resist corrosion
Res.Elec. : +       Clarity    : .   A - ring of ice
Sust.Abil.: . .     Spirit.Shd : .   h - +2 ring of strength
Res.Mut.  : .       Stasis     : .   x - +4 ring of evasion
Res.Rott. : .       Flight     : .   J - ring of wizardry
Saprovore : . . .                    P - ring of see invisible
                                     (no ring)
                                     (no ring)
                                     (no ring)

@: mildly poisoned, very slightly contaminated, somewhat resistant to hostile
enchantments, extraordinarily stealthy
A: almost no armour, amphibious, 8 rings, constrict 8, camouflage 1, berserk 1,
-10% mp, electricity resistance, AC +1
a: Minor Destruction, Lesser Servant of Makhleb, Renounce Religion


You were on level 10 of the Dungeon.
You worshipped Makhleb.
Makhleb was most pleased with you.
You were very hungry.

You visited 1 branch of the dungeon, and saw 11 of its levels.

You collected 472 gold pieces.

Inventory:

Hand weapons
 l - a +2 blowgun
 q - a +1,+2 orcish dagger of venom (weapon)
 Q - a +0,+2 orcish glaive of protection
 S - a +3,+1 crossbow of frost
Missiles
 a - 66 bolts
 w - 12 poisoned needles
Armour
 e - a +2 shield of reflection
 C - a +0 wizard hat (worn)
Magical devices
 b - a wand of flame (4)
 c - a wand of enslavement (7)
 d - a wand of random effects (7)
 z - a wand of digging (13)
 D - a wand of flame (7)
 N - a wand of cold (5)
Comestibles
 f - 13 bread rations
 g - a rambutan
 k - a meat ration
 m - 8 sultanas
 s - 2 pears
 B - 2 apples
Scrolls
 i - 2 scrolls of teleportation
 j - a scroll of curse weapon
 o - 3 scrolls of amnesia
 r - 3 scrolls of enchant armour
 v - 3 scrolls of recharging
 y - 3 scrolls of remove curse
 M - 5 scrolls of identify
Jewellery
 h - a +2 ring of strength (right tentacle)
 u - an uncursed ring of teleportation
 x - a +4 ring of evasion (on tentacle)
 A - a ring of ice (left tentacle)
 H - a cursed amulet of resist corrosion (around mantle)
 J - a ring of wizardry (on tentacle)
 P - a ring of see invisible (on tentacle)
Potions
 n - a potion of might
 t - a potion of speed
 E - a potion of slowing
 F - a potion of agility
Books
 G - a book of Unlife

   Spells                             Type                      Level
   Recall                             Summoning/Translocation      3
   Animate Dead                       Necromancy                   4
   Control Undead                     Necromancy                   4
   Twisted Resurrection               Necromancy                   5
   Death Channel                      Necromancy                   6
   Simulacrum                         Ice/Necromancy               6
 L - a book of Party Tricks

   Spells                             Type                      Level
   *Summon Butterflies                Summoning                    1
   Apportation                        Translocation                1
   *Blink                             Translocation                2
   Alistair's Intoxication            Transmutation/Poison         4
   Tukima's Dance                     Hexes                        5
Magical staves
 O - an uncursed staff of cold


   Skills:
 + Level 4.0 Fighting
 - Level 1.0 Short Blades
 - Level 1.3 Polearms
 * Level 5.3 Crossbows
 - Level 2.0 Dodging
 + Level 12.4 Stealth
 * Level 11.2 Invocations
 - Level 3.2 Evocations


You had 6 spell levels left.
You knew the following spells:

 Your Spells              Type           Power        Failure   Level  Hunger
a - Blink                 Tloc           N/A          16%         2    ###....
b - Summon Butterflies    Summ           #.......     11%         1    ##.....


Dungeon Overview and Level Annotations

Branches:
Dungeon (11/27)            Temple (0/1) D:4             Orc (0/4) D:6
   Lair: D:8-13

Altars:
Cheibriados
Elyvilon
Makhleb
Nemelex Xobeh
Sif Muna
Zin

Shops:
D:7 *


Innate Abilities, Weirdness & Mutations

You cannot wear most types of armour.
You are amphibious.
You can wear up to eight rings at the same time.
You can use your tentacles to constrict many enemies at once.
Your skin changes colour to match your surroundings (Stlth).
Your rubbery body absorbs attacks (AC +1).
You tend to lose your temper in combat.
Your magical capacity is low (-10% MP).
You are resistant to electric shocks.


Message History

The yak gores your big kobold.
Use which ability? (? or * to list)
A demon appears!
You feel slightly more hungry.
You can no longer hurl Makhleb's greater destruction.
A big kobold opens the gate.
The yak barely misses your big kobold. The yak gores your big kobold!
The neqoxec completely misses you.
Found 3 rambutans.
Drink which item? (? for menu, Esc to quit)
Okay, then.
Read which item? (? for menu, Esc to quit)
As you read the scroll of fear, it crumbles to dust.
You assume a fearsome visage.
The big kobold looks frightened!
The yak looks frightened!
The sheep looks frightened!
The sheep bleats in terror.
The yak looks frightened!
The sheep looks frightened!
The sheep bleats in terror.
The unseen horror looks frightened!
The neqoxec is unaffected.
Your smoke demon is unaffected.
The neqoxec hits you!
You die...

## ### #D ≈PP# .. #......####%
≈≈≈P# . #####......##.#+##P≈P.≈#
....#......##.#3@#..%..#
....#......##.#3K'.K%.≈..
....#......##.#..'.P...#
....#......##.#YY'Y.%.≈#
....#......##.#Y.#..x..#
....#......##.##############.#.#
...........+........[.>..........
#####......##......))#.#####.#...
###############'##... #......


You could see 2 yaks, an unseen horror (fleeing), a neqoxec, a big kobold
(fleeing), 2 sheep, a friendly smoke demon and a friendly big kobold.

Vanquished Creatures
  A feature mimic (D:10)
  Psyche (D:10)
  3 trolls
  A two-headed ogre (D:9)
  A hippogriff (D:11)
  A wolf (D:9)
  3 manticores
  Menkaure (D:6)
  A phantom (D:9)
  2 sky beasts
  3 centaurs
  3 ogres
  Sigmund (D:4)
  2 mottled dragons (D:11)
  3 water moccasins
  A crocodile (D:8)
  Blork the orc (D:8)
  A giant frog (D:9)
  A komodo dragon skeleton (D:8)
  A killer bee (D:10)
  A troll skeleton (D:10)
  3 wights (D:8)
  A giant frog zombie (D:5)
  8 crimson imps
  2 jellies
  2 hounds
  6 orc wizards
  A giant frog skeleton (D:11)
  4 orc priests
  6 worker ants
  A killer bee zombie (D:8)
  A hound skeleton (D:4)
  A gnoll (D:9)
  9 adders
  A worm zombie (D:6)
  A giant mite (D:5)
  An inept item mimic (D:8)
  A goliath beetle zombie (D:7)
  5 worms
  An adder zombie (D:5)
  4 giant geckos
  3 oozes
  26 orcs
  11 bats
  3 giant cockroaches
  15 goblins
  7 hobgoblins
  11 jackals
  3 quokkas
  5 giant newts
  A hobgoblin zombie (D:7)
  11 kobolds
  11 rats
199 creatures vanquished.

Vanquished Creatures (collateral kills)
  Erolcha (D:9)
  Grum (D:9)
  A wolf (D:9)
  A cyclops zombie (D:11)
  A goliath beetle (D:9)
  A gnoll shaman (D:9)
  An orc wizard (D:3)
  5 gnolls (D:9)
  A giant eyeball (D:9)
  2 orcs
  A hobgoblin skeleton (D:7)
16 creatures vanquished.

Grand Total: 215 creatures vanquished

Notes
Turn   | Place    | Note
--------------------------------------------------------------
     0 | D:1      | M4edhros, the Octopode Artificer, began the quest for the Orb.
     0 | D:1      | Reached XP level 1. HP: 14/14 MP: 1/1
   261 | D:1      | Reached XP level 2. HP: 12/19 MP: 3/3
   976 | D:2      | Reached skill level 4 in Stealth
  1089 | D:2      | Found a burning altar of Makhleb.
  1108 | D:2      | Became a worshipper of Makhleb the Destroyer
  1145 | D:2      | Reached XP level 3. HP: 10/24 MP: 4/4
  1289 | D:2      | Found a deep blue altar of Sif Muna.
  1422 | D:3      | Reached skill level 5 in Stealth
  1465 | D:3      | Reached XP level 4. HP: 14/29 MP: 6/6
  1637 | D:3      | Acquired Makhleb's first power
  1703 | D:3      | Reached skill level 6 in Stealth
  2114 | D:3      | Reached XP level 5. HP: 34/34 MP: 7/7
  2133 | D:3      | Reached skill level 7 in Stealth
  2301 | D:3      | Acquired Makhleb's second power
  2745 | D:4      | Reached skill level 8 in Stealth
  2745 | D:4      | Reached skill level 1 in Invocations
  2745 | D:4      | Reached XP level 6. HP: 39/39 MP: 9/9
  2861 | D:4      | Found a staircase to the Ecumenical Temple.
  2863 | D:4      | Noticed Sigmund
  2870 | D:4      | Killed Sigmund
  3016 | D:5      | Entered Level 5 of the Dungeon
  3035 | D:5      | Reached XP level 7. HP: 42/44 MP: 9/11
  3528 | D:5      | Reached skill level 9 in Stealth
  3528 | D:5      | Reached skill level 5 in Invocations
  3580 | D:5      | Acquired Makhleb's third power
  3738 | D:5      | Learned a level 2 spell: Blink
  3740 | D:5      | Learned a level 1 spell: Summon Butterflies
  3817 | D:5      | Reached XP level 8. HP: 48/50 MP: 14/16
  4065 | D:6      | Noticed Menkaure
  4068 | D:6      | Killed Menkaure
  4153 | D:6      | Reached skill level 10 in Stealth
  4487 | D:6      | Found a staircase to the Orcish Mines.
  4541 | D:6      | Found a white marble altar of Elyvilon.
  5036 | D:7      | Found Psoloho's Assorted Antiques.
  5126 | D:7      | Noticed a troll
  5158 | D:7      | Acquired Makhleb's fourth power
  5456 | D:7      | Killed a troll
  5456 | D:7      | Reached XP level 9. HP: 47/54 MP: 20/20
  5485 | D:7      | Reached skill level 11 in Stealth
  5976 | D:8      | Found a glowing silver altar of Zin.
  5978 | D:8      | Found a sparkling altar of Nemelex Xobeh.
  5979 | D:8      | Noticed Blork the orc
  5989 | D:8      | Killed Blork the orc
  6149 | D:8      | Reached skill level 1 in Polearms
  6339 | D:8      | Gained mutation: Your magical capacity is low (-10% MP). [potion of mutation]
  6339 | D:8      | Gained mutation: You tend to lose your temper in combat. [potion of mutation]
  6339 | D:8      | Gained mutation: You are resistant to electric shocks. [potion of mutation]
  7150 | D:8      | Reached skill level 1 in Crossbows
  7583 | D:9      | Noticed Grum
  7586 | D:9      | Noticed Erolcha
  7602 | D:9      | Reached skill level 10 in Invocations
  7827 | D:9      | Paralysed by a giant eyeball for 2 turns
  7831 | D:9      | Killed Grum
  7832 | D:9      | Paralysed by a giant eyeball for 2 turns
  7837 | D:9      | Killed Erolcha
  8010 | D:9      | Found a snail-covered altar of Cheibriados.
  8021 | D:9      | Reached XP level 10. HP: 62/62 MP: 20/20
  8121 | D:9      | Reached skill level 12 in Stealth
  8768 | D:10     | Entered Level 10 of the Dungeon
  8817 | D:10     | Noticed Psyche
  8826 | D:10     | Killed Psyche
  9160 | D:10     | Reached skill level 5 in Crossbows
  9699 | D:10     | Noticed an unseen horror
  9701 | D:10     | Noticed a three-headed hydra
  9705 | D:10     | Slain by a neqoxec

Action                   |  1- 3 |  4- 6 |  7- 9 | 10-12 || total
-------------------------+-------+-------+-------+-------++-------
Melee: Short sword       |    35 |       |       |       ||    35
       Dagger            |    36 |    76 |   169 |    25 ||   306
       Glaive            |       |       |    35 |    19 ||    54
 Fire: Crossbow          |       |       |    43 |    69 ||   112
Throw: Dagger            |       |       |     1 |     1 ||     2
Invok: Minor Destruction |       |       |    11 |     1 ||    12
       Major Destruction |       |       |    14 |     6 ||    20
       Lesser Servant of |       |       |     3 |     4 ||     7
Evoke: Wand              |       |     4 |    18 |    14 ||    36
  Use: Potion            |     4 |     5 |     6 |     6 ||    21
       Scroll            |     8 |     2 |     7 |     6 ||    23
 Stab: Sleeping          |     7 |     9 |    18 |       ||    34
       Distracted        |       |     2 |     1 |     1 ||     4
